Map: Frozen Temple

Players

Nerchio - Winner!

  • Race: Zerg Zerg

Scarlett

  • Race: Zerg Zerg

Event: DreamHack Open Tours WCS Spring Championship

VOD

https://www.youtube.com/watch?v=0BGK2-TJPII

Description

Time

  • Played on: May 15, 2016, 7:35 a.m.
  • Length: 14:15

All games in this series

Show
View Real Time Build Order
Export as new Build Order

Nerchio Zerg - Winner!

Build Orders: Pool First 

Get SALT Encoding   

  12  0:00  Drone  
  13  0:12  Overlord  
  13  0:17  Drone  
  14  0:31  Drone x2  
  14  0:35  Drone  
  17  0:45  Spawning Pool  
  17  0:48  Drone  
  17  1:09  Hatchery  
  16  1:12  Drone  
  16  1:14  Extractor  
  16  1:17  Drone  
  17  1:32  Zergling x4  
  19  1:35  Queen  
  21  1:41  Drone  
  22  1:50  Overlord  
  22  2:09  Drone  
  22  2:11  Queen, Drone  
  22  2:14  Metabolic Boost  
  26  2:21  Drone x2  
  28  2:35  Overlord, Drone  
  29  2:40  Baneling Nest  
  29  2:42  Drone  
  29  2:43  Drone  
  29  2:44  Drone  
  31  2:47  Drone  
  31  2:49  Drone  
  33  2:55  Zergling x2  
  33  2:57  Drone  
  35  3:04  Drone  
  36  3:18  Zergling x4  
  38  3:20  Zergling x2, Hatchery  
  38  3:24  Zergling x2  
  38  3:26  Zergling x4  
  40  3:33  Overlord, Zergling x2  
  41  3:40  Zergling x4  
  43  3:45  Overlord  
  43  3:48  Overlord  
  43  3:53  Zergling x6  
  46  3:55  Zergling x2  
  46  3:57  Baneling x2  
  46  3:59  Zergling x2  
  46  4:01  Zergling x2  
  47  4:03  Zergling x2  
  47  4:05  Zergling x2  
  47  4:08  Baneling  
  45  4:10  Zergling x2  
  45  4:12  Evolution Chamber  
  46  4:17  Baneling  
  46  4:21  Drone  
  48  4:25  Drone  
  48  4:26  Drone x2  
  48  4:31  Drone  
  48  4:33  Drone  
  48  4:37  Drone  
  51  4:38  Zerg Melee Weapons Level 1  
  51  4:39  Queen  
  53  4:49  Drone x4  
  55  4:54  Extractor  
  55  4:57  Overlord x2  
  55  4:59  Zergling x2  
  54  5:02  Baneling  
  54  5:03  Zergling x2, Baneling  
  54  5:04  Zergling x2  
  55  5:07  Zergling x2  
  55  5:09  Zergling x4  
  55  5:12  Zergling x2  
  52  5:15  Zergling x2  
  52  5:17  Zergling x4  
  52  5:19  Baneling x2  
  53  5:22  Zergling x4  
  53  5:23  Zergling x2  
  53  5:25  Baneling x2  
  53  5:27  Zergling x2  
  53  5:29  Zergling x2  
  53  5:30  Zergling x2  
  53  5:32  Baneling x3  
  52  5:35  Zergling x2  
  52  5:37  Zergling x4  
  52  5:41  Zergling x2  
  52  5:42  Zergling x2  
  51  5:43  Zergling x2  
  51  5:48  Drone  
  51  5:49  Baneling x2  
  53  5:50  Drone  
  53  5:51  Drone  
  53  5:53  Baneling  
  53  5:54  Baneling  
  53  5:56  Drone x2  
  57  6:00  Overlord  
  57  6:03  Overlord  
  57  6:07  Drone x2  
  57  6:08  Drone  
  60  6:12  Drone x2  
  60  6:13  Drone  
  60  6:18  Drone  
  58  6:21  Queen  
  58  6:22  Extractor  
  59  6:26  Lair  
  59  6:28  Zergling x4  
  59  6:30  Zergling x2  
  62  6:33  Zergling x4  
  62  6:34  Zergling x2  
  65  6:40  Drone  
  65  6:41  Drone x4  
  69  6:47  Spore Crawler  
  69  6:48  Spore Crawler  
  69  6:50  Spore Crawler, Drone  
  69  6:53  Drone  
  68  7:02  Zerg Ground Armor Level 1  
  68  7:03  Queen  
  68  7:05  Overlord  
  68  7:16  Overlord x2  
  68  7:17  Overlord  
  68  7:19  Drone x4  
  68  7:22  Overlord  
  71  7:26  Queen  
  71  7:29  Queen  
  74  7:31  Zergling x2  
  74  7:33  Zergling x2  
  74  7:36  Baneling x4  
  76  7:40  Drone x2, Infestation Pit  
  76  7:42  Drone  
  76  7:43  Drone  
  79  7:46  Drone x2  
  79  7:47  Drone  
  79  7:48  Drone  
  79  7:51  Drone x2  
  84  7:52  Drone  
  84  7:53  Drone  
  84  7:55  Drone  
  87  7:59  Drone x3, Baneling x2  
  87  8:02  Extractor  
  87  8:03  Overlord  
  87  8:04  Extractor  
  88  8:06  Overlord, Extractor  
  89  8:16  Infestor  
  89  8:17  Infestor  
  89  8:18  Overlord  
  89  8:19  Overlord  
  89  8:24  Drone  
  89  8:25  Drone x3  
  93  8:29  Spore Crawler, Queen  
  93  8:30  Zergling x2  
  93  8:31  Zergling x2  
  95  8:40  Zergling x14  
  95  8:41  Spore Crawler  
  101  8:42  Hive  
  101  8:44  Zergling x2, Baneling  
  100  8:55  Spore Crawler  
  97  8:59  Queen  
  99  9:04  Queen  
  99  9:09  Zergling x6, Extractor  
  103  9:13  Overlord x2  
  102  9:19  Zerg Ground Armor Level 2  
  102  9:22  Zergling x2  
  102  9:23  Evolution Chamber, Zergling x14  
  109  9:30  Zergling x2  
  109  9:31  Zergling x2  
  110  9:35  Queen  
  110  9:37  Zergling x8  
  116  9:42  Zergling x2  
  116  9:43  Zergling x2  
  113  9:48  Overlord  
  113  9:49  Overlord  
  113  9:50  Hatchery  
  112  9:54  Zergling x2  
  112  9:55  Zergling x4  
  112  9:58  Zergling x4  
  117  10:08  Ultralisk Cavern  
  117  10:12  Zergling x2  
  117  10:14  Zergling x2  
  113  10:21  Zergling x14  
  112  10:28  Zergling x4  
  110  10:29  Zergling x2  
  110  10:34  Zerg Melee Weapons Level 2  
  102  10:40  Zergling x2  
  102  10:41  Zergling x12  
  107  10:48  Extractor x2  
  105  10:51  Zergling x4, Baneling x2  
  105  10:52  Baneling x2  
  106  10:57  Chitinous Plating  
  106  10:58  Ultralisk x2  
  106  11:00  Ultralisk  
  118  11:08  Ultralisk  
  118  11:09  Zergling x2  
  118  11:10  Zergling x2  
  123  11:17  Drone  
  123  11:18  Drone x3  
  123  11:28  Ultralisk  
  127  11:36  Ultralisk  
  127  11:38  Zergling x2  
  127  11:39  Zergling x2  
  128  11:45  Zergling x10  
  128  11:46  Zergling x8  
  136  11:50  Zergling x2  
  136  11:51  Zergling x4  
  136  11:52  Zergling x2  
  138  11:54  Zergling x2  
  138  11:55  Zergling x4  
  138  11:56  Zergling x2  
  138  11:59  Drone x2  
  143  12:01  Zergling x2  
  143  12:02  Zergling x2  
  143  12:05  Zergling x6  
  139  12:12  Zergling x6  
  139  12:13  Zergling x2  
  136  12:20  Ultralisk  
  136  12:21  Zergling x2  
  136  12:22  Zergling x4  
  145  12:27  Zergling x2  
  145  12:28  Zergling x6  
  143  12:40  Ultralisk  
  146  12:49  Spore Crawler  
  145  12:53  Ultralisk  
  145  12:56  Zergling x2  
  145  12:57  Zergling x8  
  156  13:11  Ultralisk  
  155  13:18  Pneumatized Carapace  
  155  13:19  Overlord x2  
  149  13:20  Overlord x2  
  149  13:29  Ultralisk  
  149  13:52  Zergling x12  
  149  13:53  Zergling x2  
  155  13:57  Zergling x2  
  155  13:58  Zergling x4  
Show
View Real Time Build Order
Export as new Build Order

Scarlett Zerg 

Build Orders: Pool First 

Get SALT Encoding   

  12  0:00  Drone  
  13  0:09  Drone  
  14  0:17  Overlord  
  14  0:24  Extractor  
  14  0:25  Drone  
  15  0:36  Drone x2  
  17  0:44  Spawning Pool  
  17  0:48  Drone  
  17  0:55  Drone  
  18  0:57  Extractor  
  17  1:14  Hatchery  
  17  1:16  Drone  
  17  1:21  Drone  
  18  1:31  Queen  
  20  1:35  Zergling x2  
  21  1:41  Overlord  
  21  1:49  Drone  
  22  2:02  Zergling x2  
  22  2:03  Metabolic Boost  
  22  2:07  Queen  
  25  2:12  Drone  
  26  2:16  Evolution Chamber  
  26  2:20  Drone  
  26  2:31  Drone x2  
  26  2:36  Drone  
  29  2:40  Drone x3  
  29  2:43  Zerg Melee Weapons Level 1  
  32  2:51  Queen  
  32  2:56  Overlord  
  34  3:01  Drone  
  35  3:07  Drone  
  35  3:11  Spine Crawler, Drone  
  36  3:13  Overlord  
  36  3:16  Zergling x2  
  36  3:17  Zergling x2  
  38  3:22  Drone  
  38  3:25  Drone  
  41  3:27  Baneling Nest  
  41  3:28  Overlord  
  40  3:38  Zergling x6  
  43  3:42  Lair  
  43  3:46  Extractor  
  42  3:51  Zergling x6  
  45  4:02  Zergling x2  
  44  4:03  Zergling x2  
  42  4:13  Zergling x2, Baneling x2  
  42  4:14  Zergling x12  
  47  4:20  Queen  
  47  4:21  Spine Crawler  
  47  4:23  Baneling x3  
  48  4:33  Drone x4  
  48  4:38  Extractor  
  51  4:40  Zergling x2  
  51  4:41  Zergling x4  
  51  4:42  Zergling x2  
  55  4:58  Zergling x6  
  58  5:04  Spire  
  54  5:10  Zergling x4  
  54  5:18  Zergling x4  
  52  5:25  Zergling x2  
  52  5:26  Zergling x6  
  54  5:30  Extractor  
  51  5:37  Zergling x2  
  51  5:38  Zergling x4  
  50  5:46  Drone x5  
  53  5:52  Baneling x2  
  53  5:54  Overlord  
  53  5:55  Overlord  
  53  5:59  Zerg Melee Weapons Level 2  
  53  6:16  Mutalisk  
  53  6:17  Mutalisk x2  
  54  6:22  Drone x5  
  54  6:25  Zerg Flyer Weapons Level 1  
  59  6:32  Mutalisk  
  59  6:34  Drone  
  59  6:35  Drone  
  63  6:42  Mutalisk  
  65  6:49  Drone x5  
  65  6:52  Mutalisk  
  72  7:01  Overlord, Drone  
  72  7:16  Mutalisk x2  
  72  7:17  Overlord x2  
  76  7:26  Hatchery  
  76  7:29  Overlord  
  75  7:33  Mutalisk x2  
  75  7:36  Overlord  
  79  7:38  Baneling  
  79  7:42  Mutalisk  
  81  7:52  Mutalisk  
  81  7:57  Drone x6  
  89  8:04  Mutalisk  
  91  8:06  Overlord  
  91  8:17  Mutalisk x2  
  91  8:19  Drone  
  98  8:20  Drone x3  
  98  8:21  Extractor  
  98  8:26  Extractor  
  93  8:32  Zergling x6  
  93  8:33  Zergling x8  
  97  8:35  Zerg Flyer Weapons Level 2  
  97  8:40  Drone x3  
  100  8:46  Zerg Ground Armor Level 1  
  101  8:48  Zergling x4  
  101  8:53  Zergling x4  
  104  8:59  Zergling x6  
  107  9:04  Hatchery  
  106  9:13  Baneling x2  
  106  9:21  Drone x7  
  113  9:25  Infestation Pit  
  113  9:28  Zergling x10  
  113  9:40  Zergling x20  
  117  9:50  Overseer  
  117  9:53  Drone x3  
  120  10:01  Hive  
  120  10:14  Zergling x20  
  115  10:30  Drone x10  
  115  10:33  Infestor  
  118  10:36  Drone  
  118  10:37  Drone x2  
  121  10:45  Infestor x3  
  121  10:48  Drone  
  121  10:49  Drone  
  129  10:52  Extractor  
  129  10:54  Extractor  
  129  10:57  Zerg Ground Armor Level 2  
  127  10:59  Evolution Chamber  
  127  11:01  Overlord x6  
  126  11:08  Drone x4  
  126  11:09  Drone  
  124  11:17  Adrenal Glands  
  124  11:18  Ultralisk Cavern  
  121  11:26  Baneling x2  
  121  11:28  Drone  
  121  11:29  Drone x6  
  116  11:55  Zergling x22  
  116  11:56  Zergling x4  
  129  12:07  Chitinous Plating  
  101  12:18  Ultralisk  
  97  12:32  Ultralisk  
  96  12:42  Ultralisk  
  101  12:47  Drone x6  
  101  12:50  Drone  
  108  12:51  Drone  
  99  13:17  Drone x3  
  101  13:25  Drone x3  
  101  13:26  Drone x3  
  107  13:35  Ultralisk  

Tags
 
Add a new tag
Caveats
  • Supply blocks, unpowered buildings, or Contaminate may cause inaccurate times.
  • Supply counts are checked every 10 seconds.